 Dungeon Crawl Stone Soup version bcrawl-1.21.2-1-g32d02e0829 (webtiles) character file.

Game seed: 7148357437101126267

121 Freyura the Twirler (level 5, -5/32 HPs)
             Began as a Gargoyle Gladiator on Feb 21, 2020.
             Was an Initiate of Elyvilon.
             Slain by a gnoll
             ... wielding a +0 flail
              (6 damage)
             ... on level 2 of the Dungeon.
             The game lasted 00:02:35 (1789 turns).

Freyura the Twirler (Gargoyle Gladiator)            Turns: 1789, Time: 00:02:36

Health: -5/32      AC:  8    Str: 18    XL:     5   Next: 5%
Magic:  5/5        EV: 12    Int: 12    God:    Elyvilon [......]
Gold:   27         SH:  0    Dex: 12    Spells: 4/4 levels left

rFire    . . .     SeeInvis .   a - +0 quarterstaff
rCold    . . .     Gourm    .   (shield currently unavailable)
rNeg     + . .     Faith    .   b - +0 leather armour
rPois    ∞         Spirit   .   c - +0 helmet
rElec    +         Reflect  .   (no cloak)
rCorr    .         Harm     .   (no gloves)
MR       .....                  (no boots)
Stlth    +.........             (no amulet)
HPRegen  0.10/turn              l - +4 ring of intelligence
MPRegen  0.09/turn              (no ring)

@: no status effects
A: negative energy resistance 1, electricity resistance, unbreathing,
petrification resistance, rot immunity, AC +4
a: Renounce Religion


You were on level 2 of the Dungeon.
You worshipped Elyvilon.
Elyvilon was noncommittal.
You were not hungry.

You visited 1 branch of the dungeon, and saw 2 of its levels.

You collected 27 gold pieces.

Inventory:

Hand Weapons
 a - a +0 quarterstaff (weapon)
Missiles
 d - 3 throwing nets (quivered) {!f}
Armour
 b - a +0 leather armour (worn)
 c - a +0 helmet (worn)
 g - a +0 buckler
Jewellery
 l - a +4 ring of intelligence (left hand)
Scrolls
 h - a scroll of amnesia {unknown}
 i - a scroll of immolation {unknown}
 j - a scroll of teleportation {unknown}
 k - a scroll of fog {unknown}
Potions
 f - 4 potions of mutation {unknown}
Comestibles
 e - 3 rations {!d}


   Skills:
 + Level 3.0 Fighting
 * Level 4.0 Staves
 - Level 1.7 Throwing
 + Level 1.7 Armour
 + Level 2.9 Dodging
 + Level 1.2 Shields
 + Level 0.5 Invocations


You had 4 spell levels left.
You didn't know any spells.
Your spell library was empty.

Dungeon Overview and Level Annotations

Branches:
Dungeon (2/12)

Altars:
Elyvilon
Xom


Innate Abilities, Weirdness & Mutations

You are resistant to torment.
Your stone body is resilient. (AC +4)
You are immune to poison.
You resist negative energy. (rN+)
You are resistant to electric shocks. (rElec)
You can survive without breathing.
You are immune to petrification.
You are immune to rotting.


Message History

The gnoll hits you but does no damage.
You hit the gnoll.
You kill the gnoll!
You have reached level 5!
The gnoll hits you with a +0 flail!
You closely miss the gnoll. The gnoll hits you with a +0 flail.
* * * LOW HITPOINT WARNING * * *
You thump the gnoll!
The gnoll is almost dead.
You hit the gnoll but do no damage.
The gnoll is almost dead.
The gnoll hits you but does no damage.
You hit the gnoll but do no damage.
The gnoll is almost dead.
The gnoll hits you with a +0 flail!
* * * LOW HITPOINT WARNING * * *
You hit the gnoll but do no damage.
The gnoll is almost dead.
The gnoll hits you with a +0 flail.
You die...

#.............#
#<#
#....#.#######
#.# #..###.#
#.# #..###.#
#.# #......#
#.# ##.##..#
#.# #..### #..
#....# #.#
#@##.# #g# .#
#.# # #.# #.#
... #.. ###


You could see a gnoll.

Vanquished Creatures
  A hound (D:2)
  2 gnolls (D:2)
  An ooze (D:2)
  5 dart slugs
  6 leopard geckos
  A ball python (D:1)
  A giant cockroach (D:1)
  5 goblins
  4 hobgoblins (D:1)
  8 jackals
  5 bats
  A frilled lizard (D:1)
  6 kobolds
  6 rats
52 creatures vanquished.

Notes
Turn   | Place    | Note
-------+----------+-------------------------------------------
     0 | D:1      | Freyura the Gargoyle Gladiator began the quest for the Orb.
     0 | D:1      | Reached XP level 1. HP: 12/12 MP: 1/1
   311 | D:1      | Reached XP level 2. HP: 14/18 MP: 2/2
   746 | D:1      | Reached skill level 1 in Armour
   747 | D:1      | Reached XP level 3. HP: 20/22 MP: 3/3
  1391 | D:2      | Reached skill level 1 in Shields
  1391 | D:2      | Reached XP level 4. HP: 20/27 MP: 4/4
  1458 | D:2      | Found a white marble altar of Elyvilon.
  1481 | D:2      | Became a worshipper of Elyvilon the Healer
  1734 | D:2      | Found a shimmering altar of Xom.
  1775 | D:2      | Reached skill level 4 in Staves
  1784 | D:2      | Reached XP level 5. HP: 18/32 MP: 5/5
  1788 | D:2      | HP: 1/32 [gnoll/+0 flail (8)]
  1789 | D:2      | Slain by a gnoll

Skill      XL: |  1  2  3  4 |
---------------+-------------+-----
Armour         | 1 |  1.7
Shields        | 1 |  1.2
Fighting       | 3 |  3.0
Staves         | 4 |  4.0
Throwing       | |  1.7
Dodging        | |  2.9
Invocations    | |  0.5

Action                   |  1- 3 |  4- 6 || total
-------------------------+-------+-------++-------
Melee: Quarterstaff      |   101 |    52 ||   153
  Eat: Chunk             |     1 |     2 ||     3
Armor: Leather armour    |    64 |    27 ||    91
Dodge: Dodged            |    83 |    50 ||   133
